 Dungeon Crawl Stone Soup version 0.25-a0-834-g55863b0b92 (webtiles) character file.

Game seed: 6771217261137750406, levelgen mode: deterministic

30094 Arvaldir the Geomancer (level 13, -3/86 HPs)
             Began as a Gargoyle Earth Elementalist on Apr 22, 2020.
             Was a High Priest of Vehumet.
             Shot with an arrow by a centaur warrior (19 damage)
             ... on level 13 of the Dungeon.
             The game lasted 00:43:43 (16662 turns).

Arvaldir the Geomancer (GrEE)                      Turns: 16662, Time: 00:43:44

Health: -3/86      AC: 18    Str:  9    XL:     13   Next: 49%
Magic:  14/23      EV: 17    Int: 21    God:    Vehumet [*****.]
Gold:   805        SH:  3    Dex: 18    Spells: 18/30 levels left

rFire    + . .     SeeInvis .   D - +8 mace of the Candelabrum {flame, +Blink +Inv Str-3 Stlth+}
rCold    . . .     Gourm    .   (no shield)
rNeg     + . .     Faith    .   c - +2 robe
rPois    ∞         Spirit   .   (helmet restricted)
rElec    +         Reflect  +   y - +2 cloak {rPois}
rCorr    .         Harm     .   (no gloves)
MR       +....                  (no boots)
Stlth    +++.......             i - +3 amulet of reflection
HPRegen  0.24/turn              A - +6 ring of dexterity
MPRegen  0.18/turn              u - ring of protection from fire

@: studying 2 skills
A: claws 1, horns 1, rugged brown scales 1, agile 1, low mp 1, magic resistance
1, negative energy resistance 1, electricity resistance, unbreathing,
petrification resistance, rot immunity, AC +9
a: Renounce Religion, Evoke Blink, Evoke Invisibility


You were on level 13 of the Dungeon.
You worshipped Vehumet.
Vehumet was extremely pleased with you.
You were hungry.

You visited 2 branches of the dungeon, and saw 14 of its levels.
You also visited: Bailey.

You collected 805 gold pieces.

Inventory:

Hand Weapons
 D - the +8 mace of the Candelabrum (weapon) {flame, +Blink +Inv Str-3 Stlth+}
   (You found it on level 8 of the Dungeon)

   It has been specially enchanted to burn those struck by it, causing extra
   injury to most foes and up to half again as much damage against particularly
   susceptible opponents.
   It affects your strength (-3).
   It lets you turn invisible.
   It lets you blink.
   It makes you more stealthy.
 O - a +0 morningstar
Armour
 c - a +2 robe (worn)
 y - a +2 cloak of poison resistance (worn)
 E - a scarf of repulsion
Jewellery
 i - a +3 amulet of reflection (around neck)
 m - an uncursed ring of protection from cold
 u - a ring of protection from fire (right claw)
 x - an uncursed ring of protection from cold
 A - a +6 ring of dexterity (left claw)
 B - the ring of Xoschuemo {Ice Str+4}
   (You found it on level 7 of the Dungeon)

   [ring of ice]

   It enhances your ice magic.
   It affects your strength (+4).
   It makes you vulnerable to fire.
   It protects you from cold.
Wands
 f - a wand of paralysis (8)
 q - a wand of flame (115)
 t - a wand of digging (9)
 L - a wand of enslavement (5)
 N - a wand of acid (8)
Scrolls
 b - 5 scrolls of identify
 e - 2 scrolls of enchant armour
 j - 3 scrolls of teleportation
 p - 8 scrolls of remove curse
 r - 7 scrolls of enchant weapon
 w - 2 scrolls of amnesia
 C - a scroll of immolation
 I - a scroll of magic mapping
Potions
 h - a potion of magic
 k - a potion of invisibility
 n - 2 potions of resistance
 o - 2 potions of lignification
 s - 3 potions of cancellation
 z - a potion of berserk rage
 F - 2 potions of curing
 G - a potion of haste
 H - a potion of flight
 K - 2 potions of stabbing
Books
 a - a manual of
Armour
 v - a manual of Fighting
Miscellaneous
 g - a phial of floods
Comestibles
 d - 32 rations
 l - 9 chunks of flesh


   Skills:
 + Level 11.0 Fighting
 + Level 7.5 Maces & Flails
 - Level 6.0 Armour
 + Level 6.7 Dodging
 - Level 2.1 Stealth
 + Level 9.3 Spellcasting
 + Level 10.4 Conjurations
   Level 0.7 Transmutations
 + Level 11.9 Earth Magic
 - Level 6.0 Evocations


You had 18 spell levels left.
You knew the following spells:

 Your Spells              Type           Power        Failure   Level  Hunger
a - Sandblast             Erth           ######       1%          1    None
b - Stone Arrow           Conj/Erth      ######       1%          3    None
c - Lee's Rapid Deconstr  Erth           ######....   1%          5    #####..
d - Dazzling Flash        Conj/Hex       ####..       1%          3    None

Your spell library contained the following spells:

 Spells                   Type           Power        Failure   Level  Hunger
 Irradiate                Conj/Tmut      ####......   5%          5    #####..
 Magic Dart               Conj           ####         1%          1    None
 Passwall                 Tmut/Erth      #####...     1%          2    None
 Searing Ray              Conj           ######       1%          2    None
 Fulminant Prism          Conj/Hex       ####......   2%          4    ##.....
 Iskenderun's Mystic Bla  Conj/Tloc      ####....     2%          4    ##.....
 Petrify                  Tmut/Erth      #####...     4%          4    ##.....
 Summon Small Mammal      Summ           #...         7%          1    None
 Call Imp                 Summ           #.......     11%         2    None
 Call Canine Familiar     Summ           #.......     22%         3    None
 Confusing Touch          Hex            #.......     22%         3    None
 Gell's Gravitas          Tloc           #.........   22%         3    None
 Summon Guardian Golem    Hex/Summ       #.......     22%         3    None
 Yara's Violent Unravell  Hex/Tmut       ##........   38%         5    #####..
 Summon Ice Beast         Ice/Summ       #.......     56%         4    ##.....
 Summon Lightning Spire   Summ/Air       #.......     56%         4    ##.....
 Metabolic Englaciation   Hex/Ice        #.........   89%         5    #####..


Dungeon Overview and Level Annotations

Branches:
Dungeon (13/15)            Temple (1/1) D:7            Lair (0/6) D:9
    Orc (0/2) D:9          Vaults (0/5) D:13         Bailey (visited)

Altars:
Cheibriados
Dithmenos
Elyvilon
Fedhas
Gozag
Hepliaklqana
Kikubaaqudgha
Makhleb
Nemelex Xobeh
Qazlal
Sif Muna
Trog
Uskayaw
Vehumet
Wu Jian
Yredelemnul
Zin


Innate Abilities, Weirdness & Mutations

You are resistant to torment.
Your stone body is resilient. (AC +9)
You are immune to poison.
You resist negative energy. (rN+)
You are resistant to electric shocks. (rElec)
You can survive without breathing.
You are immune to petrification.
You are immune to rotting.
You have sharp fingernails.
You have a pair of small horns on your head.
You are partially covered in rugged brown scales. (AC +1, +3% HP)
You are agile. (Dex +2)
Your magical capacity is low. (-10% MP)
You are resistant to hostile enchantments. (MR+)


Message History

Casting: Stone Arrow (safe; 1% risk of failure)
Confirm with . or Enter, or press ? or * to list all spells.
You can't see any susceptible monsters within range! (Use Z to cast anyway.) Unknown command.
Unknown command.
The centaur warrior shoots an arrow.
The arrow hits you!
You see here 4 arrows.
The centaur warrior shoots an arrow.
The arrow hits you!!
You see here an arrow.
The centaur warrior shoots an arrow.
The arrow completely misses you.
You see here an arrow.
The centaur warrior shoots an arrow.
The arrow hits you!!
* * * LOW HITPOINT WARNING * * *
The centaur warrior shoots an arrow.
The arrow hits you!
* * * LOW HITPOINT WARNING * * *
x2
Things that are here:
an arrow; a large rock Unknown command.
You feel better.
The centaur warrior shoots an arrow.
The arrow hits you!!
You die...

#..#. .. #....#.
#..#.# .#......#
#..#.# #........ ....
#..#.###........##....
#..#.#..#......#..#...
#..#.#...#....#....#.o
#..#.#....#c.#......#.
#..#.).....##..c.....#
#..#†@..[..##........#
#).#)#....#..#......#.
#))#.#...#....#....#..
#.)#)#..#.....(#..#.).
#[.#.###.(..(...##....
#.)#)# #........##....
#..#.#################
#...".................
#.####################


You could see a centaur warrior.

Vanquished Creatures
  2 catoblepae (D:13)
  5 two-headed ogres
  3 skeletal warriors (D:9)
  3 unseen horrors
  Pikel (D:4)
  An orc knight (Bailey)
  A manticore (D:13)
  3 cyclopes
  2 ugly things (D:11)
  Maurice (D:13)
  A black mamba (shapeshifter) (D:12)
  Psyche (D:10)
  2 gargoyles
  A freezing wraith (D:13)
  A kobold demonologist (D:6)
  A yaktaur (D:13)
  A tengu conjurer (D:13)
  7 trolls
  A hornet (D:13)
  2 slime creatures (D:13)
  3 hippogriffs
  2 shadows (D:13)
  A spriggan (D:8)
  17 yaks
  2 wyverns (D:13)
  A wraith (D:13)
  Eustachio (D:5)
  2 hungry ghosts
  A basilisk (D:13)
  5 vampire mosquitoes
  2 acid dragons
  2 water moccasins
  3 black bears
  20 orc warriors
  3 slaves (D:4)
  3 ice beasts
  2 sky beasts
  2 phantoms (D:6)
  An eye of draining (D:8)
  2 necrophages
  9 centaurs
  4 ogres
  A gnoll sergeant (D:9)
  10 bullfrogs
  8 scorpions
  10 killer bees
  2 howler monkeys
  15 wights
  6 crimson imps
  2 centaur zombies
  3 centaur skeletons
  9 hounds
  17 orc priests
  2 bullfrog zombies
  5 jellies
  13 orc wizards
  2 bullfrog skeletons
  4 iguanas
  Ijyb (D:3)
  Natasha (twice) (D:2)
  8 worker ants
  A hound zombie (D:11)
  3 hound skeletons
  Robin (D:4)
  10 adders
  7 gnolls
  6 shadow imps
  2 oozes
  An adder zombie (D:7)
  3 worms
  A dart slug (D:2)
  7 leopard geckos
  61 orcs
  5 giant cockroaches
  13 goblins
  12 hobgoblins
  8 jackals
  6 kobolds
  5 quokkas
  2 ball pythons
  5 bats
  5 frilled lizards
  A jackal skeleton (D:9)
  2 jackal zombies
  A leopard gecko skeleton (D:4)
  2 quokka skeletons
  8 rats
  2 butterflies (D:7)
428 creatures vanquished.

Vanquished Creatures (others)
  An orc wizard (D:9)
  An orc (D:11)
2 creatures vanquished.

Grand Total: 430 creatures vanquished

Notes
Turn   | Place    | Note
-------+----------+-------------------------------------------
     0 | D:1      | Arvaldir the Gargoyle Earth Elementalist began the quest
                  | for the Orb.
     0 | D:1      | Reached XP level 1. HP: 10/10 MP: 3/3
   459 | D:1      | Reached XP level 2. HP: 13/15 MP: 3/5
  1202 | D:2      | Reached XP level 3. HP: 15/19 MP: 2/6
  1305 | D:2      | Learned a level 3 spell: Stone Arrow
  1516 | D:2      | Found a basalt altar of Yredelemnul.
  1789 | D:2      | Reached skill level 1 in Conjurations
  1789 | D:2      | Reached XP level 4. HP: 22/24 MP: 3/8
  1795 | D:2      | Noticed Natasha
  1798 | D:2      | Killed Natasha
  1943 | D:2      | Found a white marble altar of Elyvilon.
  1984 | D:2      | Noticed Natasha
  1987 | D:2      | Killed Natasha
  1987 | D:2      | Reached skill level 5 in Earth Magic
  1987 | D:2      | Reached XP level 5. HP: 28/28 MP: 6/9
  1994 | D:2      | Learned a level 5 spell: Lee's Rapid Deconstruction
  2857 | D:3      | Found a burning altar of Makhleb.
  2955 | D:3      | Reached XP level 6. HP: 26/32 MP: 11/11
  3052 | D:3      | Found an ornate altar of the Wu Jian Council.
  3056 | D:3      | Found a shimmering blue altar of Sif Muna.
  3093 | D:3      | Noticed Ijyb
  3102 | D:3      | Killed Ijyb
  3481 | D:3      | Found a sparkling altar of Nemelex Xobeh.
  3481 | D:3      | Found an ancient bone altar of Kikubaaqudgha.
  3517 | D:3      | Noticed a necrophage
  3533 | D:3      | Killed a necrophage
  3634 | D:4      | Reached XP level 7. HP: 7/36 MP: 8/13
  3919 | D:4      | Gained mutation: You tend to lose your temper in combat.
                  | [potion of mutation]
  3919 | D:4      | Gained mutation: You have a pair of small horns on your
                  | head. [potion of mutation]
  3919 | D:4      | Gained mutation: You have a pair of horns on your head.
                  | [potion of mutation]
  3919 | D:4      | Gained mutation: You are agile. (Dex +2) [potion of
                  | mutation]
  3952 | D:4      | Noticed Robin
  3990 | D:4      | Killed Robin
  4113 | D:4      | Noticed Pikel
  4135 | D:4      | Killed Pikel
  4135 | D:4      | Reached skill level 5 in Spellcasting
  4135 | D:4      | Reached skill level 5 in Conjurations
  4135 | D:4      | Reached XP level 8. HP: 26/41 MP: 9/16
  4395 | D:4      | Found a glowing silver altar of Zin.
  4395 | D:4      | Found an opulent altar of Gozag.
  4503 | D:5      | Entered Level 5 of the Dungeon
  4593 | D:5      | Noticed Eustachio
  4612 | D:5      | Killed Eustachio
  4854 | D:5      | Found a blossoming altar of Fedhas.
  4905 | D:5      | Found a bloodstained altar of Trog.
  5094 | D:5      | Reached skill level 1 in Fighting
  5094 | D:5      | Reached skill level 1 in Armour
  5094 | D:5      | Reached XP level 9. HP: 28/47 MP: 9/18
  5100 | D:5      | Reached skill level 1 in Maces & Flails
  5247 | D:5      | Found a hide-covered altar of Uskayaw.
  5776 | D:6      | Reached skill level 1 in Evocations
  5786 | D:6      | Found a snail-covered altar of Cheibriados.
  6117 | D:6      | Found a burning altar of Makhleb.
  6135 | D:6      | Noticed a kobold demonologist
  6139 | D:6      | Found a transporter.
  6289 | D:6      | Found a transporter.
  6359 | D:6      | Found a hazy altar of Hepliaklqana.
  6836 | D:6      | Noticed a rust devil
  6838 | D:6      | Noticed a rust devil
  6838 | D:6      | Killed a kobold demonologist
  7135 | D:7      | Got a scorched glass ring
  7137 | D:7      | Identified the ring of Xoschuemo {Ice Str+4} (You found it
                  | on level 7 of the Dungeon)
  7342 | D:7      | Found a staircase to the Ecumenical Temple.
  7405 | D:7      | Found a flagged portal.
  7421 | Bailey   | Entered a bailey
  7869 | Bailey   | Reached XP level 10. HP: 48/56 MP: 2/20
  8565 | Bailey   | Found a roughly hewn altar of Beogh.
  8565 | Bailey   | Noticed an orc knight
  8601 | Bailey   | Killed an orc knight
  9401 | Temple   | Entered the Ecumenical Temple
  9412 | Temple   | Became a worshipper of Vehumet
  9907 | D:8      | Learned a level 3 spell: Dazzling Flash
 10190 | D:8      | Reached skill level 5 in Armour
 10402 | D:8      | Got a shimmering mace
 10403 | D:8      | Identified the +8 mace of the Candelabrum {flame, +Blink
                  | +Inv Str-3 Stlth+} (You found it on level 8 of the Dungeon)
 10423 | D:8      | Noticed a two-headed ogre
 10429 | D:8      | Killed a two-headed ogre
 10429 | D:8      | Reached skill level 5 in Fighting
 10712 | D:9      | Reached * piety under Vehumet
 10712 | D:9      | Offered knowledge of Foxfire by Vehumet.
 10729 | D:9      | Reached XP level 11. HP: 57/64 MP: 3/21
 10881 | D:9      | Found a staircase to the Orcish Mines.
 11266 | D:9      | Noticed a skeletal warrior
 11268 | D:9      | Noticed a skeletal warrior
 11271 | D:9      | Killed a skeletal warrior
 11271 | D:9      | Reached skill level 10 in Earth Magic
 11271 | D:9      | Noticed a skeletal warrior
 11769 | D:9      | Found a staircase to the Lair.
 11797 | D:9      | Killed a skeletal warrior
 11824 | D:9      | Killed a skeletal warrior
 11930 | D:10     | Entered Level 10 of the Dungeon
 12030 | D:10     | Offered knowledge of Freeze by Vehumet.
 12243 | D:10     | Reached ** piety under Vehumet
 12475 | D:10     | Reached skill level 5 in Maces & Flails
 12760 | D:10     | Noticed Psyche
 12763 | D:10     | Killed Psyche
 12875 | D:11     | Noticed a two-headed ogre
 12891 | D:11     | Killed a two-headed ogre
 12913 | D:11     | Noticed a cyclops
 12923 | D:11     | Killed a cyclops
 13209 | D:11     | Offered knowledge of Ignite Poison by Vehumet.
 13210 | D:11     | Noticed a cyclops
 13228 | D:11     | Killed a cyclops
 13228 | D:11     | Reached skill level 5 in Dodging
 13228 | D:11     | Reached skill level 5 in Evocations
 13415 | D:11     | Reached XP level 12. HP: 46/73 MP: 19/24
 13511 | D:11     | Reached *** piety under Vehumet
 13628 | D:11     | Offered knowledge of Airstrike by Vehumet.
 14117 | D:12     | Noticed a two-headed ogre
 14123 | D:12     | Killed a two-headed ogre
 14123 | D:12     | Reached **** piety under Vehumet
 14393 | D:12     | Offered knowledge of Sticky Flame by Vehumet.
 14656 | D:12     | Noticed a two-headed ogre
 14662 | D:12     | Killed a two-headed ogre
 14792 | D:13     | Noticed a catoblepas
 14799 | D:13     | Killed a catoblepas
 14799 | D:13     | Reached XP level 13. HP: 82/82 MP: 0/25
 15053 | D:13     | Reached skill level 10 in Fighting
 15202 | D:13     | Reached skill level 10 in Conjurations
 15571 | D:13     | Noticed Maurice
 15581 | D:13     | Killed Maurice
 15773 | D:13     | Found a gate to the Vaults.
 15954 | D:13     | Lost mutation: You tend to lose your temper in combat.
                  | [potion of mutation]
 15954 | D:13     | Lost mutation: You have a pair of horns on your head.
                  | [potion of mutation]
 15954 | D:13     | Gained mutation: You are partially covered in rugged brown
                  | scales. (AC +1, +3% HP) [potion of mutation]
 15954 | D:13     | Gained mutation: You have sharp fingernails. [potion of
                  | mutation]
 15954 | D:13     | Gained mutation: Your magical capacity is low. (-10% MP)
                  | [potion of mutation]
 15954 | D:13     | Gained mutation: You are resistant to hostile enchantments.
                  | (MR+) [potion of mutation]
 16301 | D:13     | Reached ***** piety under Vehumet
 16472 | D:13     | Offered knowledge of Irradiate by Vehumet.
 16662 | D:13     | Shot with an arrow by a centaur warrior

Levels and vault maps discovered:
D:1:      dpeg_arrival_three_same_balls, layout_basic
D:2:      layout_loops_corners, kennysheep_ying_yang, kennysheep_big_empty_room,
          uniq_natasha
D:3:      layout_basic, grunt_temple_overflow_open,
          gammafunk_temple_overflow_wave, bloody_makhleb, uniq_ijyb
D:4:      layout_loops_ring, grunt_temple_overflow_gold_and_silver,
          first_ration, uniq_robin, uniq_pikel
D:5:      layout_layer_cave, lemuel_round_altar, kennysheep_mini,
          fedhas_bush_and_centaur_altar, uniq_eustachio
D:6:      gammafunk_wand_slinger, layout_gridville, lemuel_doored_altar,
          lemuel_round_altar, old_standard_altar, st_stairs_6
D:7:      minmay_recursive_quarters, layout_basic,
          minmay_temple_entry_butterflies, enter_bailey_3
D:8:      layout_loops_cross, the_bakery
D:9:      layout_rooms, lair_entry_dummy, erik_orc_4, grunt_ministairs_3
D:10:     layout_roguey, item_on_display_a, uniq_psyche
D:11:     layout_rooms, dk_vineyard_3
D:12:     layout_rooms, drop_trap
D:13:     minmay_big_diamond_grid, layout_basic, david_vaults_4, uniq_maurice
Temple:   dpeg_three_leaves_temple

Skill      XL: |  1  2  3  4  5  6  7  8  9 10 11 12 13 |
---------------+----------------------------------------+-----
Earth Magic    | 4 5 6 7 8 9 10 11 | 11.9
Spellcasting   | 3 4 5 6 7 8 9 |  9.3
Conjurations   | 1 2 3 5 6 7 8 9 10 | 10.4
Fighting       | 1 3 5 7 9 11 | 11.0
Armour         | 1 3 5 6 |  6.0
Maces & Flails | 2 4 5 6 7 |  7.5
Evocations     | 2 3 5 6 |  6.0
Dodging        | 3 5 6 |  6.7
Stealth        | |  2.1
Transmutations | |  0.7

Action                   |  1- 3 |  4- 6 |  7- 9 | 10-12 | 13-15 || total
-------------------------+-------+-------+-------+-------+-------++-------
Melee: Club              |    18 |       |       |       |       ||    18
       Unarmed           |     5 |       |       |       |       ||     5
       Mace              |    69 |    97 |       |   257 |    70 ||   493
       Dagger            |       |       |   300 |   100 |       ||   400
       Headbutt          |       |       |    40 |    73 |    15 ||   128
 Cast: Sandblast         |    21 |    44 |    54 |    94 |       ||   213
       Stone Arrow       |     1 |       |     1 |    40 |    68 ||   110
       Lee's Rapid Decon |       |       |    21 |    55 |     8 ||    84
Evoke: Wand              |       |       |     9 |    15 |     2 ||    26
  Use: Scroll            |     4 |     3 |     8 |    12 |     1 ||    28
       Potion            |       |     3 |     4 |     4 |     2 ||    13
 Stab: Sleeping          |       |     1 |     6 |    12 |     1 ||    20
  Eat: Chunk             |     3 |     6 |    15 |    32 |     4 ||    60
       Ration            |       |       |     2 |     1 |     1 ||     4
Armor: Robe              |    32 |    37 |   144 |   164 |    44 ||   421
       Leather armour    |     9 |     9 |       |       |       ||    18
Dodge: Dodged            |    73 |    78 |   218 |   290 |    76 ||   735
       Repelled          |       |       |       |     7 |     3 ||    10
Block: Other             |    13 |    19 |    37 |    58 |    10 ||   137
       Reflection        |     1 |     1 |       |     3 |       ||     5

Table legend:
 A = Non-vault XP
 B = Vault XP
 C = Vault XP percentage of total XP
 D = Non-vault monster count
 E = Vault monster count
 F = Vault count percentage of total count
                 A         B        C        D         E       F
            +---------+---------+-------+---------+---------+-------
      Total |   30907 |   12085 |  28.1 |     317 |     107 |  25.2
            +---------+---------+-------+---------+---------+-------
        D:1 |      12 |       0 |   0.0 |       7 |       0 |   0.0
        D:2 |     168 |      35 |  17.2 |      33 |       1 |   2.9
        D:3 |     350 |      36 |   9.3 |      31 |       1 |   3.1
        D:4 |     321 |     703 |  68.7 |      19 |      10 |  34.5
        D:5 |     470 |     314 |  40.1 |      11 |       2 |  15.4
        D:6 |     809 |     520 |  39.1 |      24 |       9 |  27.3
        D:7 |     495 |     321 |  39.3 |      12 |      12 |  50.0
        D:8 |    2109 |     215 |   9.3 |      18 |       1 |   5.3
        D:9 |    3308 |     873 |  20.9 |      24 |      23 |  48.9
       D:10 |    2346 |     439 |  15.8 |      26 |       1 |   3.7
       D:11 |    6873 |       0 |   0.0 |      57 |       0 |   0.0
       D:12 |    8545 |       0 |   0.0 |      31 |       0 |   0.0
       D:13 |    5101 |    6663 |  56.6 |      24 |      21 |  46.7
     Bailey |       0 |    1966 | 100.0 |       0 |      26 | 100.0
            +---------+---------+-------+---------+---------+-------
